 Dungeon Crawl Stone Soup version 0.26.1-2-gb8aa6d0cf2 (webtiles) character file.

Game seed: 8002996881885171987

382 Amaterasu the Slasher (level 6, -6/51 HPs)
             Began as a Demonspawn Fighter on Feb 16, 2021.
             Mangled by an ogre
             ... wielding a +0 giant club
              (16 damage)
             ... on level 5 of the Dungeon.
             The game lasted 00:05:32 (4813 turns).

Amaterasu the Slasher (Demonspawn Fighter)          Turns: 4813, Time: 00:05:33

Health: -6/51      AC: 13    Str: 24    XL:     6   Next: 47%
Magic:  6/6        EV:  4    Int:  9    God:
Gold:   227        SH: 11    Dex: 17    Spells: 5/5 levels left

rFire    + . .     SeeInvis .   a - +0 long sword
rCold    . . .     Faith    .   c - +1 kite shield
rNeg     + . .     Spirit   .   t - +1 plate armour {rN+}
rPois    .         Reflect  .   (no helmet)
rElec    .         Harm     .   i - +0 cloak
rCorr    .         Rampage  .   (no gloves)
Will     .....     Clarity  +   (no boots)
Stlth    ..........             e - amulet of magic regeneration
HPRegen  0.17/turn              j - +6 ring of dexterity
MPRegen  0.35/turn              o - +6 ring of strength

@: no status effects
A: claws 1, clarity, clumsy 1, fire resistance 1, powered by death 1
a: no special abilities


You were on level 5 of the Dungeon.
You visited 1 branch of the dungeon, and saw 5 of its levels.

You collected 227 gold pieces.

Inventory:

Hand Weapons
 a - a +0 long sword (weapon)
Armour
 c - a +1 kite shield (worn)
 i - a +0 cloak (worn)
 t - a +1 plate armour of positive energy (worn)
Jewellery
 e - an amulet of magic regeneration (around neck)
 j - a +6 ring of dexterity (left claw)
 n - an uncursed ring of stealth
 o - a +6 ring of strength (right claw)
Scrolls
 f - a scroll of remove curse
 q - 3 scrolls of enchant armour
Potions
 d - a potion of might
 g - 2 potions of berserk rage
 h - a potion of curing
 l - a potion of ambrosia
 p - 3 potions of brilliance {unknown}
 r - a potion of mutation


   Skills:
 - Level 5.0 Fighting
 * Level 5.1 Long Blades
 * Level 2.7 Armour
 * Level 0.1 Dodging
 * Level 2.7 Shields


You had 5 spell levels left.
You didn't know any spells.
Your spell library contained the following spells:

 Spells                   Type           Power        Failure   Level
 Beastly Appendage        Tmut           0%           100%        1
 Wereblood                Tmut           0%           100%        2
 Confusing Touch          Hex            0%           100%        3
 Gell's Gravitas          Tloc           0%           100%        3
 Spider Form              Tmut/Pois      0%           100%        3
 Ice Form                 Ice/Tmut       0%           100%        4
 Petrify                  Tmut/Erth      0%           100%        4
 Blade Hands              Tmut           0%           100%        5
 Metabolic Englaciation   Hex/Ice        0%           100%        5
 Yara's Violent Unravell  Hex/Tmut       0%           100%        5


Dungeon Overview and Level Annotations

Branches:
Dungeon (5/15)
 Temple: D:4-7

Altars:
Fedhas
Nemelex Xobeh
Qazlal
Sif Muna


Innate Abilities, Weirdness & Mutations

You have sharp fingernails.
You regenerate a little health from kills.
You possess an exceptional clarity of mind.
You are clumsy. (Dex -2)
Your flesh is heat resistant. (rF+)


Message History

You climb downwards.
There is a stone staircase leading up here.
An ogre comes into view. It is wielding a +0 giant club.
The ogre shouts!
Found 10 gold pieces.
An ogre is nearby!
The ogre hits you with a +0 giant club!!
Ouch! That really hurt!
You are too injured to fight recklessly!
You are too injured to fight recklessly!
You are too injured to fight recklessly!
You are too injured to fight recklessly!
You barely miss the ogre.
A bullfrog skeleton comes into view.
The ogre hits you with a +0 giant club!
* * * LOW HITPOINT WARNING * * *
You slash the ogre!
The ogre is moderately wounded.
The ogre hits you with a +0 giant club!
You die...

#.#.. #.#.
#... #..
#.. #Z# #O#
#########@#
.......<..#
###########


You could see an ogre and a bullfrog skeleton.

Vanquished Creatures
  A scorpion (D:3)
  2 hounds
  Jessica (D:2)
  An iguana (D:4)
  An orc wizard (D:3)
  8 gnolls
  2 adders
  3 oozes
  2 adder skeletons (D:4)
  A worm (D:2)
  2 dart slugs
  2 leopard geckos
  3 orcs
  6 giant cockroaches
  3 goblins
  10 hobgoblins
  6 jackals
  3 quokkas
  5 bats
  6 frilled lizards
  4 kobolds
  17 rats
89 creatures vanquished.

Notes
Turn   | Place    | Note
-------+----------+-------------------------------------------
     0 | D:1      | Amaterasu the Demonspawn Fighter began the quest for the
                  | Orb.
     0 | D:1      | Reached XP level 1. HP: 18/18 MP: 1/1
   485 | D:1      | Gained mutation: You have sharp fingernails. [demonic
                  | ancestry]
   485 | D:1      | Reached XP level 2. HP: 24/24 MP: 2/2
  1315 | D:2      | Gained mutation: You possess an exceptional clarity of
                  | mind. [potion of mutation]
  1315 | D:2      | Gained mutation: You are clumsy. (Dex -2) [potion of
                  | mutation]
  1315 | D:2      | Gained mutation: Your flesh is heat resistant. (rF+)
                  | [potion of mutation]
  1360 | D:2      | Noticed Jessica
  1363 | D:2      | Killed Jessica
  1364 | D:2      | Reached XP level 3. HP: 19/30 MP: 3/3
  1679 | D:2      | Reached XP level 4. HP: 29/37 MP: 4/4
  2552 | D:3      | Found a blossoming altar of Fedhas.
  2555 | D:3      | Found a stormy altar of Qazlal.
  2727 | D:3      | Reached XP level 5. HP: 38/42 MP: 5/5
  3447 | D:3      | Found a shimmering blue altar of Sif Muna.
  3923 | D:4      | Gained mutation: You regenerate a little health from kills.
                  | [demonic ancestry]
  3923 | D:4      | Reached XP level 6. HP: 48/49 MP: 6/6
  3984 | D:4      | Found a sparkling altar of Nemelex Xobeh.
  4119 | D:3      | Reached skill level 5 in Long Blades
  4436 | D:4      | Reached skill level 5 in Fighting
  4809 | D:5      | Entered Level 5 of the Dungeon
  4813 | D:5      | Mangled by an ogre

Illustrated notes

Levels and vault maps discovered:
D:1:      dpeg_arrival_tiny_e, layout_loops_corners, minmay_misc_feat_plants,
          chequers_serial_rivers_large_b, minmay_ruptured
D:2:      layout_basic, minmay_rat_gold_closets, uniq_jessica
D:3:      layout_loops_ring, grunt_temple_overflow_forces_of_nature,
          nicolae_overflow_hidden_temple, lemuel_blue_sif_altar
D:4:      layout_gridville, nemelex_xobeh_ov_fountains_minmay, serial_glass,
          glass_columns_b, glass_columns_a, moated_statue
D:5:      layout_loops_ring, grunt_temple_overflow_open, serial_shops,
          nicolae_shop_window_shopping, corexii_leaking_fountain, uniq_duvessa,
          uniq_pikel

Skill      XL: |  1  2  3  4  5  6 |
---------------+-------------------+-----
Long Blades    | 2 3 4 5 |  5.1
Fighting       | 4 5 |  5.0
Armour         | |  2.7
Dodging        | |  0.1
Shields        | |  2.7

Action                   |  1- 3 |  4- 6 || total
-------------------------+-------+-------++-------
Melee: Long sword        |   100 |   226 ||   326
  Use: Scroll            |     1 |     7 ||     8
       Potion            |     1 |       ||     1
Armor: Scale mail        |    38 |    31 ||    69
       Plate armour      |       |    87 ||    87
Dodge: Dodged            |    25 |    27 ||    52
Block: Kite shield       |    55 |   137 ||   192
       Rpst.: Long sword |     8 |     6 ||    14
